Predators vs Senateurs
(R1)
Created - January 16, 2022 at 19:07
Goals
|
| Predators |
0 |
1 |
0 |
1 |
| Senateurs |
1 |
4 |
2 |
7 |
|
Shots
|
| Predators |
14 |
9 |
12 |
35 |
| Senateurs |
7 |
13 |
8 |
28 |
|
1st period
1. Senateurs , Sidney Crosby 10 (Rostislav Olesz 9, Taylor Chorney 5) at 2:42
Penalties :
Justin Abdelkader (Nas) for Hooking (Minor) at 4:25, Mike Brown (Nas) for Hooking (Minor) at 7:55, Cody Franson (Ott) for Interference (Minor) at 17:22
2nd period
2. Senateurs , Sidney Crosby 11 (Reilly Smith 8, Rostislav Olesz 10) at 8:20 (PP)
3. Senateurs , Reilly Smith 11 (Sidney Crosby 18) at 9:03 (PP)
4. Senateurs , Sidney Crosby 12 (Alexander Wennberg 9, Rickard Rakell 6) at 14:11
5. Senateurs , Reilly Smith 12 (Sidney Crosby 19, Rostislav Olesz 11) at 15:10
6. Predators , Alexander Ovechkin 7 (Alexander Edler 9, Ryan Mcdonagh 10) at 15:26
Penalties :
Cody Franson (Ott) for Hooking (Minor) at 1:51, Alexander Edler (Nas) for Tripping (Minor) at 7:36, Brad Boyes (Nas) for Holding (Minor) at 8:50, Mikael Granlund (Nas) for Holding Stick (Minor) at 9:15
3rd period
7. Senateurs , Matt Martin 7 (Alexander Wennberg 10, Rickard Rakell 7) at 14:25
8. Senateurs , Bobby Ryan 3 (Brad Richardson 4, Sergei Kostitsyn 4) at 19:17
Penalties :
Sidney Crosby (Ott) for Fighting (Major) at 7:41, Ryan Kesler (Nas) for Fighting (Major) at 7:41, Cody Franson (Ott) for Slashing (Minor) at 7:56, Mikael Granlund (Nas) for Holding Stick (Minor) at 16:38, Rostislav Olesz (Ott) for Cross-checking (Minor) at 17:01
Goalie Stats
Jaroslav Halak (Nas), 8 saves from 11 shots - (0.727), 25:49 minutes
Kari Lehtonen (Nas), 13 saves from 17 shots - (0.765), L, 6-4-0, 34:11 minutes
Viktor Fasth (Ott), 34 saves from 35 shots - (0.971), W, 5-2-0, 60:00 minutes
Players Stats for Predators
Player Name G A P +/- PIM S H SB GA TA FO MP PP MP PK MP
------------------------------------------------------------------------------------
Alexander Edler 0 1 1 0 2 2 1 0 1 1 0/0 28:11 4:16 3:22
Alexander Ovechkin 1 0 1 -3 0 5 3 0 0 0 1/1 16:49 1:48 0:34
Andy Miele 0 0 0 -1 0 0 1 0 0 1 11/26 22:49 4:31 4:28
Brad Boyes 0 0 0 -3 2 2 2 0 0 0 0/0 16:05 1:47 1:04
Chris Higgins 0 0 0 0 0 1 1 0 0 0 0/0 7:28 0:00 0:00
Denis Grebeshkov 0 0 0 -2 0 1 0 1 0 1 0/0 12:09 0:00 1:12
Jack Eichel 0 0 0 -3 0 1 1 0 0 0 3/11 15:49 1:47 0:27
Jaden Schwartz 0 0 0 -1 0 4 4 1 1 0 1/3 19:33 4:32 2:10
John Moore 0 0 0 -2 0 2 0 0 1 0 0/0 19:39 2:04 2:43
Justin Abdelkader 0 0 0 0 2 2 1 0 0 0 0/0 10:46 0:00 0:00
Justin Faulk 0 0 0 -3 0 2 1 0 0 0 0/0 16:53 2:04 0:28
Mark Pysyk 0 0 0 0 0 3 1 0 0 0 1/3 13:43 0:00 4:30
Mikael Granlund 0 0 0 -1 4 2 1 0 2 0 0/1 18:04 4:33 0:00
Mike Brown 0 0 0 0 2 4 1 0 1 0 0/1 13:30 0:02 1:21
Nate Schmidt 0 0 0 -1 0 0 0 0 0 0 0/0 14:11 0:00 2:43
Ryan Kesler 0 0 0 0 5 2 1 0 0 0 2/4 9:31 0:00 0:00
Ryan Mcdonagh 0 1 1 0 0 2 0 3 0 0 0/0 28:56 4:16 4:06
Scott Laughton 0 0 0 0 0 0 0 0 0 0 0/0 6:54 0:00 0:00
Players Stats for Senateurs
Player Name G A P +/- PIM S H SB GA TA FO MP PP MP PK MP
------------------------------------------------------------------------------------
Alexander Wennberg 0 2 2 0 0 0 0 0 0 0 9/13 17:57 2:56 1:30
Bobby Ryan 1 0 1 1 0 5 1 0 0 0 0/0 11:32 0:04 0:00
Brad Richardson 0 1 1 1 0 0 0 0 0 1 2/7 11:00 0:00 0:00
Cody Franson 0 0 0 1 6 1 0 2 1 1 0/0 22:30 2:40 0:00
Dion Phaneuf 0 0 0 3 0 1 2 0 0 0 0/0 21:37 4:37 2:33
Eric Gelinas 0 0 0 2 0 2 1 2 0 1 0/0 26:13 4:37 4:10
Loui Eriksson 0 0 0 0 0 0 1 1 0 0 2/2 11:28 2:56 1:32
Matt Martin 1 0 1 0 0 5 3 0 0 0 2/3 17:34 2:56 3:06
Nate Prosser 0 0 0 0 0 1 0 1 0 0 0/0 14:10 0:00 2:12
Peter Mueller 0 0 0 0 0 0 0 0 0 1 0/0 7:07 0:00 0:00
Reilly Smith 2 1 3 3 0 2 4 0 0 0 3/4 20:40 4:17 0:23
Rickard Rakell 0 2 2 0 0 1 2 1 0 0 1/1 13:03 0:04 1:30
Rostislav Olesz 0 3 3 3 2 1 2 0 0 1 2/2 20:29 4:16 1:06
Samuel Morin 0 0 0 0 0 1 0 0 0 0 0/0 11:04 0:04 3:10
Sergei Kostitsyn 0 1 1 1 0 0 0 0 0 0 0/0 11:00 0:00 0:00
Sidney Crosby 3 2 5 3 5 8 3 0 1 0 10/18 19:02 4:17 0:23
T.J. Fast 0 0 0 0 0 0 0 0 0 0 0/0 13:55 0:00 1:35
Taylor Chorney 0 1 1 2 0 0 2 1 1 1 0/0 21:38 2:40 2:10
3 Stars
1 - Sidney Crosby (Ott)
2 - Reilly Smith (Ott)
3 - Viktor Fasth (Ott)
Power Play
Predators - 0 on 4 Attempt(s) - 0.00%
Senateurs - 2 on 6 Attempt(s) - 33.33%
Penalty Kill
Predators - 4 on 6 Attempt(s) - 66.67%
- Score 0 goal in Penalty Kill
Senateurs - 4 on 4 Attempt(s) - 100.00%
- Score 0 goal in Penalty Kill
Team Stat
Predators - Hits : 19 - Faceoff Wins : 19 - Blocked Shots : 5 - Penalty Minutes : 17
Senateurs - Hits : 21 - Faceoff Wins : 31 - Blocked Shots : 8 - Penalty Minutes : 13
Official
Referees : Beaudry Halkidis and Brad Meier
Linesman : Michel Cormier and Trent Knorr
Game Notes
Sidney Crosby has scored a Hat Trick!
Jaroslav Halak enters game at 14:11 of 2nd period
Sidney Crosby and Ryan Kesler fight to a draw at 7:41 of 3rd period
Finance
Level 1 -- Attendance: 5954 (99.23%) -- Ticket Income $595,400
Level 2 -- Attendance: 4861 (97.22%) -- Ticket Income $291,660
Level 3 -- Attendance: 1895 (94.75%) -- Ticket Income $66,325
Level 4 -- Attendance: 3698 (92.45%) -- Ticket Income $92,450
Luxury Box -- Attendance: 986 (98.60%) -- Ticket Income $197,200
Game was played at the Centre Canadian Tire.
Total Attendance: 17394 (96.63%)
Total Ticket Income: $1,243,035
Other Income: $186,455
Total Income: $1,429,490
Predators
5 vs 5 Forward
Center Left Wing Right Wing Time % Phy DF OF
1 Andy Miele Jaden Schwartz Mikael Granlund 40 1 2 2
2 Jack Eichel Alexander Ovechkin Brad Boyes 30 1 2 2
3 Ryan Kesler Justin Abdelkader Mike Brown 20 2 1 2
4 Scott Laughton Chris Higgins Mark Pysyk 10 1 2 2
5 vs 5 Defense
Defense Defense Time % Phy DF OF
1 Ryan Mcdonagh Alexander Edler 40 1 2 2
2 John Moore Justin Faulk 30 1 2 2
3 Nate Schmidt Denis Grebeshkov 20 1 2 2
4 Ryan Mcdonagh Alexander Edler 10 1 2 2
PowerPlay Forward
Center Left Wing Right Wing Time % Phy DF OF
1 Andy Miele Jaden Schwartz Mikael Granlund 60 1 1 3
2 Jack Eichel Alexander Ovechkin Brad Boyes 40 1 1 3
PowerPlay Defense
Defense Defense Time % Phy DF OF
1 Ryan Mcdonagh Alexander Edler 60 1 1 3
2 John Moore Justin Faulk 40 1 1 3
Penalty Kill 4 Players Forward
Center Wing Time % Phy DF OF
1 Andy Miele Mark Pysyk 60 1 2 2
2 Jaden Schwartz Mike Brown 40 1 2 2
Penalty Kill 4 Players Defense
Defense Defense Time % Phy DF OF
1 Ryan Mcdonagh Alexander Edler 60 1 2 2
2 John Moore Nate Schmidt 40 1 2 2
Penalty Kill - 3 Players Forward
Forward Time % Phy DF OF
1 Andy Miele 60 1 2 2
2 Jaden Schwartz 40 1 2 2
Penalty Kill - 3 Players Defense
Defense Defense Time % Phy DF OF
1 Ryan Mcdonagh Alexander Edler 60 1 3 1
2 John Moore Nate Schmidt 40 1 3 1
4 vs 4 Forward
Center Wing Time % Phy DF OF
1 Mikael Granlund Alexander Ovechkin 60 1 2 2
2 Ryan Kesler Jaden Schwartz 40 1 2 2
4 vs 4 Defense
Defense Defense Time % Phy DF OF
1 Ryan Mcdonagh Alexander Edler 60 1 2 2
2 John Moore Justin Faulk 40 1 2 2
Last Minutes Offensive
Center Left Wing Right Wing Defense Defense
Andy Miele Alexander Ovechkin Mikael Granlund Ryan Mcdonagh Alexander Edler
Last Minutes Defensive
Center Left Wing Right Wing Defense Defense
Andy Miele Jaden Schwartz Mark Pysyk Ryan Mcdonagh Alexander Edler
Goaltenders
Starting : Kari Lehtonen
Backup : Jaroslav Halak
Extra Forwards
Normal : Mike Brown, Andy Miele, Mark Pysyk - PP : Mike Brown, Justin Abdelkader - PK : Brad Boyes
Extra Defensemen
Normal : John Moore, Denis Grebeshkov, Nate Schmidt - PP : Denis Grebeshkov - PK : Denis Grebeshkov, Justin Faulk
Penalty Shots
Alexander Ovechkin, Mikael Granlund, Jaden Schwartz, Ryan Kesler, Ryan Mcdonagh
Scratches
Brendan Gallagher (Lower Body Injury), Byron Bitz (Healthy), Chris Lawrence (Healthy)
Senateurs
5 vs 5 Forward
Center Left Wing Right Wing Time % Phy DF OF
1 Sidney Crosby Rostislav Olesz Reilly Smith 40 0 2 3
2 Alexander Wennberg Matt Martin Rickard Rakell 30 0 2 3
3 Brad Richardson Sergei Kostitsyn Bobby Ryan 20 1 2 2
4 Peter Mueller Samuel Morin Loui Eriksson 10 1 3 1
5 vs 5 Defense
Defense Defense Time % Phy DF OF
1 Cody Franson Eric Gelinas 40 1 2 2
2 Dion Phaneuf Taylor Chorney 30 1 2 2
3 Nate Prosser T.J. Fast 20 1 2 2
4 Cody Franson Taylor Chorney 10 1 2 2
PowerPlay Forward
Center Left Wing Right Wing Time % Phy DF OF
1 Sidney Crosby Rostislav Olesz Reilly Smith 60 0 1 4
2 Alexander Wennberg Matt Martin Loui Eriksson 40 0 1 4
PowerPlay Defense
Defense Defense Time % Phy DF OF
1 Dion Phaneuf Eric Gelinas 60 0 2 3
2 Cody Franson Taylor Chorney 40 0 2 3
Penalty Kill 4 Players Forward
Center Wing Time % Phy DF OF
1 Matt Martin Samuel Morin 60 0 4 1
2 Alexander Wennberg Rickard Rakell 40 0 4 1
Penalty Kill 4 Players Defense
Defense Defense Time % Phy DF OF
1 Cody Franson Eric Gelinas 60 1 4 0
2 Dion Phaneuf Taylor Chorney 40 2 3 0
Penalty Kill - 3 Players Forward
Forward Time % Phy DF OF
1 Rickard Rakell 60 0 4 1
2 Samuel Morin 40 0 4 1
Penalty Kill - 3 Players Defense
Defense Defense Time % Phy DF OF
1 Cody Franson Eric Gelinas 60 1 4 0
2 Dion Phaneuf Taylor Chorney 40 1 4 0
4 vs 4 Forward
Center Wing Time % Phy DF OF
1 Sidney Crosby Reilly Smith 60 0 2 3
2 Alexander Wennberg Samuel Morin 40 0 2 3
4 vs 4 Defense
Defense Defense Time % Phy DF OF
1 Dion Phaneuf Eric Gelinas 60 1 2 2
2 Cody Franson Taylor Chorney 40 1 2 2
Last Minutes Offensive
Center Left Wing Right Wing Defense Defense
Sidney Crosby Alexander Wennberg Reilly Smith Dion Phaneuf Eric Gelinas
Last Minutes Defensive
Center Left Wing Right Wing Defense Defense
Sidney Crosby Matt Martin Samuel Morin Cody Franson Eric Gelinas
Goaltenders
Starting : Viktor Fasth
Backup : Brian Elliott
Extra Forwards
Normal : Reilly Smith, Sidney Crosby, Rostislav Olesz - PP : Sidney Crosby, Rickard Rakell - PK : Loui Eriksson
Extra Defensemen
Normal : Dion Phaneuf, Cody Franson, Eric Gelinas - PP : Taylor Chorney - PK : Nate Prosser, T.J. Fast
Penalty Shots
Sidney Crosby, Matt Martin, Rickard Rakell, Eric Gelinas, Reilly Smith
Scratches
Anthony Bitetto (Healthy), Brandon Burlon (Left Knee Injury)
% Time on Ice - Predators
Lines # - Real PCT - Wanted PCT - Time Play
Normal Forward
1 - 32% - 40% - 14:12
2 - 29% - 30% - 13:01
3 - 24% - 20% - 10:40
4 - 15% - 10% - 6:54
Normal Defense
1 - 41% - 40% - 18:33
2 - 33% - 30% - 14:44
3 - 23% - 20% - 10:25
4 - 2% - 10% - 1:05
PP Forward
1 - 72% - 60% - 4:33
2 - 28% - 40% - 1:47
PP Defense
1 - 67% - 60% - 4:16
2 - 33% - 40% - 2:04
PK Forward
1 - 70% - 60% - 5:07
2 - 30% - 40% - 2:10
PK Defense
1 - 63% - 60% - 4:34
2 - 37% - 40% - 2:43
PK3 Forward
1 - 0% - 60%
2 - 0% - 40%
PK3 Defense
1 - 0% - 60%
2 - 0% - 40%
44 Forward
1 - 100% - 60% - 1:36
2 - 0% - 40% - 0:00
44 Defense
1 - 66% - 60% - 1:03
2 - 34% - 40% - 0:33
Last Minute Offensive - 0:00
Last Minute Defensive - 0:00
Total
Forward - 60:00
Defense - 60:00
|
% Time on Ice - Senateurs
Lines # - Real PCT - Wanted PCT - Time Play
Normal Forward
1 - 34% - 40% - 15:24
2 - 25% - 30% - 11:16
3 - 25% - 20% - 11:00
4 - 16% - 10% - 7:07
Normal Defense
1 - 37% - 40% - 16:44
2 - 29% - 30% - 12:54
3 - 27% - 20% - 11:58
4 - 7% - 10% - 3:11
PP Forward
1 - 60% - 60% - 4:21
2 - 40% - 40% - 2:56
PP Defense
1 - 63% - 60% - 4:37
2 - 37% - 40% - 2:40
PK Forward
1 - 76% - 60% - 4:50
2 - 24% - 40% - 1:30
PK Defense
1 - 66% - 60% - 4:10
2 - 34% - 40% - 2:10
PK3 Forward
1 - 0% - 60%
2 - 0% - 40%
PK3 Defense
1 - 0% - 60%
2 - 0% - 40%
44 Forward
1 - 73% - 60% - 1:10
2 - 27% - 40% - 0:26
44 Defense
1 - 44% - 60% - 0:42
2 - 56% - 40% - 0:54
Last Minute Offensive - 0:00
Last Minute Defensive - 0:00
Total
Forward - 60:00
Defense - 60:00
|
Play-by-Play
1st period
0:01 of 1st period - Sidney Crosby wins face-off versus Andy Miele in neutral zone.
0:33 of 1st period - Slapshot by Brad Boyes.
0:33 of 1st period - Stopped by Viktor Fasth without a rebound.
0:34 of 1st period - Jack Eichel wins face-off versus Brad Richardson in Senateurs zone.
0:41 of 1st period - Snap shot by Brad Boyes.
0:41 of 1st period - Stopped by Viktor Fasth without a rebound.
0:42 of 1st period - Ryan Kesler wins face-off versus Brad Richardson in Senateurs zone.
0:43 of 1st period - Snap shot by Justin Abdelkader.
0:43 of 1st period - Stopped by Viktor Fasth with a rebound.
1:27 of 1st period - Taylor Chorney is hit by Justin Faulk and loses puck.
1:36 of 1st period - Wrist shot by Mike Brown.
1:36 of 1st period - Stopped by Viktor Fasth with a rebound.
1:58 of 1st period - Slapshot by Mike Brown.
1:58 of 1st period - Stopped by Viktor Fasth with a rebound.
2:00 of 1st period - Snap shot by Mike Brown.
2:00 of 1st period - Shot Misses the Net.
2:07 of 1st period - Icing by Bobby Ryan.
2:08 of 1st period - Andy Miele wins face-off versus Brad Richardson in Senateurs zone.
2:27 of 1st period - Taylor Chorney is hit by Mikael Granlund and loses puck.
2:42 of 1st period - Slapshot by Sidney Crosby.
2:42 of 1st period - Goal by Sidney Crosby - Predators : 0 - Senateurs : 1.
2:43 of 1st period - Jack Eichel wins face-off versus Alexander Wennberg in neutral zone.
3:10 of 1st period - Reilly Smith is hit by Jaden Schwartz and loses puck.
3:15 of 1st period - Snap shot by Mikael Granlund.
3:15 of 1st period - Stopped by Viktor Fasth with a rebound.
3:57 of 1st period - Backhand shot by Jack Eichel.
3:57 of 1st period - Shot Misses the Net.
3:59 of 1st period - Wrist shot by Jack Eichel.
3:59 of 1st period - Stopped by Viktor Fasth with a rebound.
4:19 of 1st period - Snap shot by Reilly Smith.
4:19 of 1st period - Shot Blocked by Ryan Mcdonagh.
4:25 of 1st period - Minor Penalty to Justin Abdelkader for Hooking.
4:26 of 1st period - Andy Miele wins face-off versus Sidney Crosby in Predators zone.
4:54 of 1st period - Slapshot by Matt Martin.
4:54 of 1st period - Stopped by Kari Lehtonen with a rebound.
4:56 of 1st period - Wrist shot by Matt Martin.
4:56 of 1st period - Stopped by Kari Lehtonen without a rebound.
4:57 of 1st period - Loui Eriksson wins face-off versus Jaden Schwartz in Predators zone.
5:25 of 1st period - Slapshot by Cody Franson.
5:25 of 1st period - Stopped by Kari Lehtonen without a rebound.
5:26 of 1st period - Andy Miele wins face-off versus Sidney Crosby in Predators zone.
6:25 of 1st period - Penalty to Justin Abdelkader is over, Justin Abdelkader is back on ice.
7:33 of 1st period - Wrist shot by Mark Pysyk.
7:33 of 1st period - Stopped by Viktor Fasth with a rebound.
7:55 of 1st period - Minor Penalty to Mike Brown for Hooking.
7:56 of 1st period - Reilly Smith wins face-off versus Andy Miele in Predators zone.
7:57 of 1st period - Snap shot by Sidney Crosby.
7:57 of 1st period - Stopped by Kari Lehtonen with a rebound.
7:59 of 1st period - Snap shot by Reilly Smith.
7:59 of 1st period - Shot Misses the Net.
8:01 of 1st period - Wrist shot by Rostislav Olesz.
8:01 of 1st period - Shot Misses the Net.
8:15 of 1st period - Mark Pysyk is hit by Sidney Crosby and loses puck.
8:30 of 1st period - Nate Schmidt is hit by Matt Martin.
9:03 of 1st period - Dion Phaneuf is hit by Brad Boyes and loses puck.
9:55 of 1st period - Penalty to Mike Brown is over, Mike Brown is back on ice.
10:32 of 1st period - Nate Prosser is hit by Mark Pysyk and loses puck.
11:09 of 1st period - Snap shot by Brad Boyes.
11:09 of 1st period - Shot Blocked by Taylor Chorney.
11:23 of 1st period - Wrist shot by Scott Laughton.
11:23 of 1st period - Shot Blocked by Cody Franson.
11:41 of 1st period - Bobby Ryan is hit by Jaden Schwartz and loses puck.
12:09 of 1st period - Ryan Mcdonagh is hit by Loui Eriksson and loses puck.
12:54 of 1st period - Brad Boyes is hit by Rickard Rakell and loses puck.
13:07 of 1st period - Nate Schmidt is hit by Reilly Smith.
13:34 of 1st period - Wrist shot by Mark Pysyk.
13:34 of 1st period - Stopped by Viktor Fasth with a rebound.
13:56 of 1st period - Slapshot by Sidney Crosby.
13:56 of 1st period - Stopped by Kari Lehtonen without a rebound.
13:57 of 1st period - Sidney Crosby wins face-off versus Jack Eichel in Predators zone.
14:27 of 1st period - Snap shot by Jaden Schwartz.
14:27 of 1st period - Stopped by Viktor Fasth without a rebound.
14:28 of 1st period - Alexander Wennberg wins face-off versus Andy Miele in Senateurs zone.
14:41 of 1st period - Snap shot by Mikael Granlund.
14:41 of 1st period - Stopped by Viktor Fasth with a rebound.
14:57 of 1st period - Snap shot by Alexander Ovechkin.
14:57 of 1st period - Stopped by Viktor Fasth with a rebound.
14:59 of 1st period - Snap shot by Jack Eichel.
14:59 of 1st period - Shot Misses the Net.
15:01 of 1st period - Slapshot by Denis Grebeshkov.
15:01 of 1st period - Stopped by Viktor Fasth without a rebound.
15:02 of 1st period - Sidney Crosby wins face-off versus Jack Eichel in Senateurs zone.
15:02 of 1st period - Sidney Crosby is hit by Brad Boyes.
16:10 of 1st period - Loui Eriksson is hit by Jack Eichel and loses puck.
16:35 of 1st period - Snap shot by Samuel Morin.
16:35 of 1st period - Stopped by Kari Lehtonen without a rebound.
16:36 of 1st period - Andy Miele wins face-off versus Reilly Smith in Predators zone.
16:36 of 1st period - Andy Miele is hit by Reilly Smith.
17:22 of 1st period - Minor Penalty to Cody Franson for Interference.
17:23 of 1st period - Matt Martin wins face-off versus Andy Miele in Senateurs zone.
18:10 of 1st period - Slapshot by Justin Faulk.
18:10 of 1st period - Stopped by Viktor Fasth without a rebound.
18:11 of 1st period - Loui Eriksson wins face-off versus Jack Eichel in Senateurs zone.
18:28 of 1st period - Slapshot by Brad Boyes.
18:28 of 1st period - Shot Blocked by Nate Prosser.
19:22 of 1st period - Penalty to Cody Franson is over, Cody Franson is back on ice.
19:35 of 1st period - Alexander Edler is hit by Reilly Smith and loses puck.
Goals for this period are 0 for Predators vs 1 for Senateurs.
Shots for this period are 14 for Predators vs 7 for Senateurs.
2nd period
0:01 of 2nd period - Jaden Schwartz wins face-off versus Sidney Crosby in neutral zone.
1:13 of 2nd period - Snap shot by Mark Pysyk.
1:13 of 2nd period - Stopped by Viktor Fasth with a rebound.
1:31 of 2nd period - Icing by Taylor Chorney.
1:32 of 2nd period - Sidney Crosby wins face-off versus Andy Miele in Senateurs zone.
1:36 of 2nd period - Off-side.
1:37 of 2nd period - Brad Richardson wins face-off versus Andy Miele in neutral zone.
1:51 of 2nd period - Minor Penalty to Cody Franson for Hooking.
1:52 of 2nd period - Andy Miele wins face-off versus Matt Martin in Senateurs zone.
1:56 of 2nd period - Snap shot by Jaden Schwartz.
1:56 of 2nd period - Stopped by Viktor Fasth with a rebound.
1:58 of 2nd period - Snap shot by Jaden Schwartz.
1:58 of 2nd period - Shot Blocked by Eric Gelinas.
3:12 of 2nd period - Andy Miele is hit by Taylor Chorney and loses puck.
3:51 of 2nd period - Penalty to Cody Franson is over, Cody Franson is back on ice.
4:05 of 2nd period - Slapshot by Bobby Ryan.
4:05 of 2nd period - Shot Misses the Net.
4:07 of 2nd period - Wrist shot by Sergei Kostitsyn.
4:07 of 2nd period - Shot Misses the Net.
4:09 of 2nd period - Slapshot by Sergei Kostitsyn.
4:09 of 2nd period - Shot Misses the Net.
4:11 of 2nd period - Snap shot by Eric Gelinas.
4:11 of 2nd period - Shot Blocked by Ryan Mcdonagh.
5:01 of 2nd period - Snap shot by Bobby Ryan.
5:01 of 2nd period - Stopped by Kari Lehtonen with a rebound.
5:21 of 2nd period - John Moore is hit by Matt Martin and loses puck.
6:26 of 2nd period - Justin Abdelkader is hit by Sidney Crosby and loses puck.
6:44 of 2nd period - Andy Miele is hit by Bobby Ryan and loses puck.
6:49 of 2nd period - Wrist shot by Bobby Ryan.
6:49 of 2nd period - Shot Misses the Net.
7:36 of 2nd period - Minor Penalty to Alexander Edler for Tripping.
7:37 of 2nd period - Sidney Crosby wins face-off versus Andy Miele in Predators zone.
7:39 of 2nd period - Wrist shot by Sidney Crosby.
7:39 of 2nd period - Shot Blocked by Ryan Mcdonagh.
7:41 of 2nd period - Slapshot by Eric Gelinas.
7:41 of 2nd period - Stopped by Kari Lehtonen without a rebound.
7:42 of 2nd period - Andy Miele wins face-off versus Sidney Crosby in Predators zone.
8:01 of 2nd period - Denis Grebeshkov is hit by Dion Phaneuf and loses puck.
8:18 of 2nd period - Snap shot by Reilly Smith.
8:18 of 2nd period - Shot Misses the Net.
8:20 of 2nd period - Snap shot by Sidney Crosby.
8:20 of 2nd period - Goal by Sidney Crosby - Predators : 0 - Senateurs : 2.
8:21 of 2nd period - Alexander Wennberg wins face-off versus Jack Eichel in neutral zone.
8:26 of 2nd period - Snap shot by Rickard Rakell.
8:26 of 2nd period - Stopped by Kari Lehtonen with a rebound.
8:28 of 2nd period - Slapshot by Eric Gelinas.
8:28 of 2nd period - Deflect By Alexander Edler.
8:28 of 2nd period - Stopped by Kari Lehtonen without a rebound.
8:29 of 2nd period - Alexander Wennberg wins face-off versus Jack Eichel in Predators zone.
8:50 of 2nd period - Minor Penalty to Brad Boyes for Holding.
8:51 of 2nd period - Andy Miele wins face-off versus Sidney Crosby in Predators zone.
8:51 of 2nd period - Andy Miele is hit by Reilly Smith.
9:03 of 2nd period - Wrist shot by Reilly Smith.
9:03 of 2nd period - Goal by Reilly Smith - Predators : 0 - Senateurs : 3.
9:04 of 2nd period - Sidney Crosby wins face-off versus Andy Miele in neutral zone.
9:15 of 2nd period - Minor Penalty to Mikael Granlund for Holding Stick.
9:16 of 2nd period - Sidney Crosby wins face-off versus Andy Miele in Predators zone.
9:16 of 2nd period - Slapshot by Rostislav Olesz.
9:16 of 2nd period - Deflect By Sidney Crosby.
9:16 of 2nd period - Stopped by Kari Lehtonen with a rebound.
9:30 of 2nd period - Slapshot by Sidney Crosby.
9:30 of 2nd period - Shot Misses the Net.
9:32 of 2nd period - Slapshot by Dion Phaneuf.
9:32 of 2nd period - Stopped by Kari Lehtonen with a rebound.
11:15 of 2nd period - Penalty to Mikael Granlund is over, Mikael Granlund is back on ice.
11:29 of 2nd period - Mikael Granlund is hit by Taylor Chorney and loses puck.
12:02 of 2nd period - Wrist shot by Alexander Ovechkin.
12:02 of 2nd period - Stopped by Viktor Fasth with a rebound.
12:24 of 2nd period - Wrist shot by Bobby Ryan.
12:24 of 2nd period - Stopped by Kari Lehtonen with a rebound.
12:44 of 2nd period - Eric Gelinas is hit by Alexander Ovechkin and loses puck.
13:00 of 2nd period - Brad Richardson is hit by Alexander Edler and loses puck.
13:17 of 2nd period - Eric Gelinas is hit by Chris Higgins and loses puck.
14:05 of 2nd period - Icing by Brad Boyes.
14:06 of 2nd period - Rickard Rakell wins face-off versus Jack Eichel in Predators zone.
14:09 of 2nd period - Snap shot by Alexander Wennberg.
14:09 of 2nd period - Shot Misses the Net.
14:11 of 2nd period - Snap shot by Sidney Crosby.
14:11 of 2nd period - Goal by Sidney Crosby - Predators : 0 - Senateurs : 4.
14:11 of 2nd period - Jaroslav Halak enters game.
14:12 of 2nd period - Rostislav Olesz wins face-off versus Andy Miele in neutral zone.
14:40 of 2nd period - Wrist shot by Sidney Crosby.
14:40 of 2nd period - Shot Misses the Net.
14:42 of 2nd period - Slapshot by Cody Franson.
14:42 of 2nd period - Shot Misses the Net.
14:48 of 2nd period - Slapshot by Sidney Crosby.
14:48 of 2nd period - Shot Blocked by Jaden Schwartz.
15:06 of 2nd period - Wrist shot by Sidney Crosby.
15:06 of 2nd period - Shot Misses the Net.
15:08 of 2nd period - Snap shot by Sidney Crosby.
15:08 of 2nd period - Stopped by Jaroslav Halak with a rebound.
15:10 of 2nd period - Snap shot by Reilly Smith.
15:10 of 2nd period - Goal by Reilly Smith - Predators : 0 - Senateurs : 5.
15:11 of 2nd period - Alexander Ovechkin wins face-off versus Alexander Wennberg in neutral zone.
15:20 of 2nd period - Slapshot by Brad Boyes.
15:20 of 2nd period - Shot Blocked by Rickard Rakell.
15:22 of 2nd period - Slapshot by Ryan Mcdonagh.
15:22 of 2nd period - Stopped by Viktor Fasth with a rebound.
15:24 of 2nd period - Slapshot by Alexander Edler.
15:24 of 2nd period - Stopped by Viktor Fasth with a rebound.
15:26 of 2nd period - Wrist shot by Alexander Ovechkin.
15:26 of 2nd period - Goal by Alexander Ovechkin - Predators : 1 - Senateurs : 5.
15:27 of 2nd period - Andy Miele wins face-off versus Sidney Crosby in neutral zone.
15:32 of 2nd period - Wrist shot by Jaden Schwartz.
15:32 of 2nd period - Stopped by Viktor Fasth with a rebound.
15:54 of 2nd period - Alexander Wennberg is hit by Alexander Ovechkin and loses puck.
18:28 of 2nd period - Ryan Mcdonagh is hit by Rostislav Olesz.
18:54 of 2nd period - Wrist shot by Rickard Rakell.
18:54 of 2nd period - Deflect By Matt Martin.
18:54 of 2nd period - Stopped by Jaroslav Halak with a rebound.
19:44 of 2nd period - Icing by Justin Abdelkader.
19:45 of 2nd period - Alexander Wennberg wins face-off versus Ryan Kesler in Predators zone.
19:54 of 2nd period - Snap shot by Mike Brown.
19:54 of 2nd period - Stopped by Viktor Fasth with a rebound.
19:56 of 2nd period - Snap shot by Justin Abdelkader.
19:56 of 2nd period - Shot Misses the Net.
19:58 of 2nd period - Slapshot by John Moore.
19:58 of 2nd period - Stopped by Viktor Fasth without a rebound.
19:59 of 2nd period - Rostislav Olesz wins face-off versus Andy Miele in Senateurs zone.
Goals for this period are 1 for Predators vs 4 for Senateurs.
Shots for this period are 9 for Predators vs 13 for Senateurs.
3rd period
0:01 of 3rd period - Andy Miele wins face-off versus Sidney Crosby in neutral zone.
0:04 of 3rd period - Slapshot by Ryan Mcdonagh.
0:04 of 3rd period - Stopped by Viktor Fasth with a rebound.
1:31 of 3rd period - Justin Faulk is hit by Sidney Crosby.
1:42 of 3rd period - Rostislav Olesz is hit by Jaden Schwartz and loses puck.
2:11 of 3rd period - Snap shot by Matt Martin.
2:11 of 3rd period - Stopped by Jaroslav Halak with a rebound.
2:27 of 3rd period - Snap shot by Alexander Ovechkin.
2:27 of 3rd period - Stopped by Viktor Fasth with a rebound.
4:04 of 3rd period - Eric Gelinas is hit by Ryan Kesler and loses puck.
4:17 of 3rd period - Samuel Morin is hit by Alexander Ovechkin and loses puck.
4:30 of 3rd period - Slapshot by Chris Higgins.
4:30 of 3rd period - Shot Misses the Net.
4:38 of 3rd period - Wrist shot by Chris Higgins.
4:38 of 3rd period - Shot Misses the Net.
5:09 of 3rd period - Icing by Ryan Kesler.
5:10 of 3rd period - Alexander Wennberg wins face-off versus Ryan Kesler in Predators zone.
5:17 of 3rd period - Snap shot by Ryan Kesler.
5:17 of 3rd period - Stopped by Viktor Fasth with a rebound.
5:19 of 3rd period - Slapshot by Ryan Kesler.
5:19 of 3rd period - Stopped by Viktor Fasth with a rebound.
5:21 of 3rd period - Slapshot by Justin Abdelkader.
5:21 of 3rd period - Stopped by Viktor Fasth without a rebound.
5:22 of 3rd period - Sidney Crosby wins face-off versus Jaden Schwartz in Senateurs zone.
5:32 of 3rd period - Jaden Schwartz is hit by Dion Phaneuf and loses puck.
6:31 of 3rd period - Snap shot by Chris Higgins.
6:31 of 3rd period - Stopped by Viktor Fasth with a rebound.
7:01 of 3rd period - Snap shot by Sidney Crosby.
7:01 of 3rd period - Shot Misses the Net.
7:05 of 3rd period - Wrist shot by Sidney Crosby.
7:05 of 3rd period - Stopped by Jaroslav Halak with a rebound.
7:17 of 3rd period - Wrist shot by Jack Eichel.
7:17 of 3rd period - Shot Misses the Net.
7:25 of 3rd period - Snap shot by Alexander Wennberg.
7:25 of 3rd period - Deflect By Rickard Rakell.
7:25 of 3rd period - Shot Misses the Net.
7:25 of 3rd period - Puck is out of play.
7:26 of 3rd period - Ryan Kesler wins face-off versus Sidney Crosby in Predators zone.
7:26 of 3rd period - Ryan Kesler is hit by Eric Gelinas.
7:34 of 3rd period - Snap shot by Rostislav Olesz.
7:34 of 3rd period - Stopped by Jaroslav Halak with a rebound.
7:39 of 3rd period - Ryan Kesler is hit by Rostislav Olesz and loses puck.
7:41 of 3rd period - Sidney Crosby and Ryan Kesler fight to a draw.
7:41 of 3rd period - Penalty to Sidney Crosby for Fighting.
7:41 of 3rd period - Penalty to Ryan Kesler for Fighting.
7:42 of 3rd period - Andy Miele wins face-off versus Alexander Wennberg in neutral zone.
7:56 of 3rd period - Minor Penalty to Cody Franson for Slashing.
7:57 of 3rd period - Matt Martin wins face-off versus Mikael Granlund in Senateurs zone.
8:07 of 3rd period - Samuel Morin is hit by Jaden Schwartz and loses puck.
9:07 of 3rd period - Slapshot by Alexander Edler.
9:07 of 3rd period - Stopped by Viktor Fasth with a rebound.
9:51 of 3rd period - Snap shot by Mikael Granlund.
9:51 of 3rd period - Shot Blocked by Loui Eriksson.
9:53 of 3rd period - Slapshot by Jaden Schwartz.
9:53 of 3rd period - Shot Misses the Net.
9:55 of 3rd period - Snap shot by Jaden Schwartz.
9:55 of 3rd period - Stopped by Viktor Fasth without a rebound.
9:56 of 3rd period - Penalty to Cody Franson is over, Cody Franson is back on ice.
9:56 of 3rd period - Jack Eichel wins face-off versus Brad Richardson in Senateurs zone.
10:05 of 3rd period - Snap shot by Jack Eichel.
10:05 of 3rd period - Shot Misses the Net.
10:31 of 3rd period - Snap shot by John Moore.
10:31 of 3rd period - Stopped by Viktor Fasth without a rebound.
10:32 of 3rd period - Alexander Wennberg wins face-off versus Mark Pysyk in Senateurs zone.
10:37 of 3rd period - Slapshot by Nate Prosser.
10:37 of 3rd period - Stopped by Jaroslav Halak without a rebound.
10:38 of 3rd period - Alexander Wennberg wins face-off versus Mark Pysyk in Predators zone.
10:53 of 3rd period - Slapshot by Alexander Wennberg.
10:53 of 3rd period - Shot Misses the Net.
10:55 of 3rd period - Wrist shot by Alexander Wennberg.
10:55 of 3rd period - Shot Blocked by Denis Grebeshkov.
11:05 of 3rd period - Slapshot by Denis Grebeshkov.
11:05 of 3rd period - Shot Misses the Net.
11:16 of 3rd period - Icing by Denis Grebeshkov.
11:17 of 3rd period - Alexander Wennberg wins face-off versus Jack Eichel in Predators zone.
11:54 of 3rd period - Snap shot by Jack Eichel.
11:54 of 3rd period - Shot Misses the Net.
11:56 of 3rd period - Wrist shot by Alexander Ovechkin.
11:56 of 3rd period - Stopped by Viktor Fasth without a rebound.
11:57 of 3rd period - Andy Miele wins face-off versus Brad Richardson in Senateurs zone.
12:00 of 3rd period - Snap shot by Jaden Schwartz.
12:00 of 3rd period - Shot Misses the Net.
13:29 of 3rd period - Slapshot by Bobby Ryan.
13:29 of 3rd period - Stopped by Jaroslav Halak without a rebound.
13:30 of 3rd period - Brad Richardson wins face-off versus Jack Eichel in Predators zone.
13:31 of 3rd period - Snap shot by Bobby Ryan.
13:31 of 3rd period - Stopped by Jaroslav Halak with a rebound.
13:47 of 3rd period - Slapshot by Alexander Ovechkin.
13:47 of 3rd period - Deflect By Jack Eichel.
13:47 of 3rd period - Shot Misses the Net.
13:47 of 3rd period - Puck is out of play.
13:48 of 3rd period - Sidney Crosby wins face-off versus Andy Miele in Senateurs zone.
14:15 of 3rd period - Alexander Ovechkin is hit by Matt Martin and loses puck.
14:25 of 3rd period - Snap shot by Matt Martin.
14:25 of 3rd period - Goal by Matt Martin - Predators : 1 - Senateurs : 6.
14:26 of 3rd period - Reilly Smith wins face-off versus Andy Miele in neutral zone.
14:52 of 3rd period - Matt Martin is hit by Mike Brown and loses puck.
14:57 of 3rd period - Snap shot by Mike Brown.
14:57 of 3rd period - Shot Blocked by Cody Franson.
14:59 of 3rd period - Slapshot by Mike Brown.
14:59 of 3rd period - Shot Misses the Net.
15:01 of 3rd period - Snap shot by Justin Abdelkader.
15:01 of 3rd period - Shot Misses the Net.
15:03 of 3rd period - Wrist shot by Ryan Kesler.
15:03 of 3rd period - Shot Misses the Net.
15:05 of 3rd period - Wrist shot by Mike Brown.
15:05 of 3rd period - Shot Blocked by Eric Gelinas.
16:18 of 3rd period - Sidney Crosby is hit by Justin Abdelkader and loses puck.
16:27 of 3rd period - Wrist shot by Mike Brown.
16:27 of 3rd period - Stopped by Viktor Fasth with a rebound.
16:38 of 3rd period - Minor Penalty to Mikael Granlund for Holding Stick.
16:39 of 3rd period - Reilly Smith wins face-off versus Andy Miele in Predators zone.
16:42 of 3rd period - Wrist shot by Sidney Crosby.
16:42 of 3rd period - Shot Misses the Net.
17:01 of 3rd period - Minor Penalty to Rostislav Olesz for Cross-checking.
17:02 of 3rd period - Sidney Crosby wins face-off versus Mike Brown in Senateurs zone.
17:29 of 3rd period - Taylor Chorney is hit by Andy Miele and loses puck.
18:04 of 3rd period - Slapshot by Justin Faulk.
18:04 of 3rd period - Stopped by Viktor Fasth without a rebound.
18:05 of 3rd period - Mark Pysyk wins face-off versus Alexander Wennberg in Senateurs zone.
18:38 of 3rd period - Penalty to Mikael Granlund is over, Mikael Granlund is back on ice.
19:01 of 3rd period - Penalty to Rostislav Olesz is over, Rostislav Olesz is back on ice.
19:17 of 3rd period - Snap shot by Bobby Ryan.
19:17 of 3rd period - Goal by Bobby Ryan - Predators : 1 - Senateurs : 7.
19:18 of 3rd period - Alexander Wennberg wins face-off versus Andy Miele in neutral zone.
19:37 of 3rd period - Mikael Granlund is hit by Rickard Rakell and loses puck.
Goals for this period are 0 for Predators vs 2 for Senateurs.
Shots for this period are 12 for Predators vs 8 for Senateurs.